 Dungeon Crawl Stone Soup version 0.18.1-48-g4cf74bf (webtiles) character file.

814 glosham the Grappler (level 7, -3/66 HPs)
             Began as a Troll Abyssal Knight on Sept 2, 2016.
             Was a Believer of Lugonu.
             Splashed by Pikel's acid (10 damage)
             ... on level 7 of the Dungeon.
             The game lasted 00:23:44 (1213 turns).

glosham the Grappler (Troll Abyssal Knight)         Turns: 1213, Time: 00:23:45

Health: -3/66      AC:  1    Str: 21    XL:     7   Next: 62%
Magic:  7/7        EV: 10    Int:  8    God:    Lugonu [**....]
Gold:   119        SH:  0    Dex: 11    Spells: 2 memorised, 2 levels left

rFire  . . .     SeeInvis +       - Unarmed
rCold  . . .     Gourm    +     a - +0 robe
rNeg   . . .     Faith    .     (no shield)
rPois  .         Spirit   .     (helmet restricted)
rElec  .         Dismiss  .     (no cloak)
rCorr  .         Reflect  .     (gloves unavailable)
SustAt .         Harm     .     (boots unavailable)
MR     .....                    z - amulet of regeneration
Stlth  +.........               (no ring)
                                A - ring of see invisible

@: lethally poisoned (-3 -> -3), exhausted, corroded, very slightly
contaminated, slowed, invisible, very slow, not resistant to hostile
enchantments, very unstealthy
A: unfitting armour, claws 3, fast metabolism 3, gourmand, regeneration 2,
shaggy fur 1, tough skin 2
a: Depart the Abyss, Bend Space, Renounce Religion


You were on level 7 of the Dungeon.
You worshipped Lugonu.
Lugonu was pleased with you.
You were very full.

You visited 1 branch of the dungeon, and saw 8 of its levels.
You visited the Abyss 1 time.

You collected 119 gold pieces.

Inventory:

Missiles
 j - 12 poisoned needles
Armour
 a - a +0 robe (worn)
Jewellery
 z - an amulet of regeneration (around neck)
 A - a ring of see invisible (left claw)
Scrolls
 h - a scroll of amnesia
 i - a scroll of teleportation
 k - a scroll of recharging
Potions
 c - a potion of brilliance
 m - a potion of heal wounds
 n - a potion of curing {unknown}
Books
 d - a book of Burglary

   Spells                             Type                      Level
   a - Swiftness                      Charms/Air                   2
   b - Passwall                       Transmutation/Earth          2
   c - Passage of Golubria            Translocation                4
   d - Lee's Rapid Deconstruction     Earth                        5
   e - Darkness                       Hexes                        6
   f - Invisibility                   Hexes                        6
Comestibles
 b - 4 bread rations
 f - 2 meat rations
 l - a chunk of flesh


   Skills:
 - Level 2.4 Fighting
 - Level 1.9 Dodging
 + Level 8.9 Unarmed Combat
 - Level 1.5 Invocations


You had 2 spell levels left.
You knew the following spells:

 Your Spells              Type           Power        Failure   Level  Hunger
w - Passwall              Trmt/Erth      #.........   69%         2    ###....
H - Swiftness             Chrm/Air       #.......     69%         2    ###....


Dungeon Overview and Level Annotations

Branches:
Dungeon (8/15)
 Temple: D:4-7         Lair: D:8-11

Altars:
Fedhas
Gozag
Okawaru

Annotations:
D:7 Pikel


Innate Abilities, Weirdness & Mutations

You are too large for most types of armour.
You have claws for hands.
Your metabolism is lightning-fast.
You like to eat raw meat.
You heal very quickly.
You are covered in fur (AC +1).
You have very tough skin (AC +2).


Message History

The killer bee is almost dead.
You feel sick. The killer bee stings you.
You scratch the killer bee.
You kill the killer bee!
Lugonu accepts your kill.
You barely miss the killer bee. The killer bee barely misses you.
You miss the killer bee. The killer bee stings you.
You miss the killer bee.
You feel sick. The killer bee closely misses you.
You closely miss the killer bee.
The killer bee stings you but does no damage.
You miss the killer bee. The killer bee barely misses you.
You barely miss the killer bee. The killer bee closely misses you.
You claw the killer bee!
The killer bee is severely wounded.
The killer bee closely misses you.
You miss the killer bee.
The killer bee is severely wounded.
You feel sick. The killer bee closely misses you.
The killer bee barely misses you.
You mangle the killer bee!!
You kill the killer bee!
Lugonu accepts your kill.
You catch the helpless slave completely off-guard!
You mangle the slave!!
You kill the slave!
That felt strangely unrewarding.
Pikel zaps a wand.
The bolt of acid misses you.
You are no longer berserk.
You are exhausted.
You feel yourself slow down.
The killer bee buzzes angrily.
The slave hits you.
Things that are here:
an animal skin; a human corpse; a killer bee corpse Drink which item? (? for menu, Esc to quit)
Okay, then.
You closely miss Pikel.
You feel sick. Pikel hits you but does no damage. The slave hits you.
Pikel zaps a wand.
The bolt of acid hits you!
* * * LOW HITPOINT WARNING * * *
The acid corrodes you!
The acid burns!
You die...

#.# #.# ..## ... #..
#.# #y# #
#########p####.#####
........@Kpp>......#
###########........#
##.......# ......###
#######


You could see Pikel, 3 slaves and a killer bee (wandering).

Vanquished Creatures
  A slave (D:7)
  A centaur (D:5)
  2 ogres (D:7)
  A giant frog (D:6)
  A scorpion (D:5)
  3 killer bees (D:7)
  A giant frog zombie (D:6)
  2 centaur zombies
  3 hounds
  An iguana (D:5)
  2 worker ants (D:6)
  2 adders
  An ooze (D:6)
  A worm (D:2)
  2 dart slugs (D:1)
  A giant gecko (D:5)
  2 orcs (D:6)
  2 giant cockroaches
  3 goblins
  2 hobgoblins (D:1)
  4 jackals (D:6)
  2 kobolds
  2 quokkas
  A ball python (D:3)
  3 bats
  5 giant newts
  3 rats (D:1)
54 creatures vanquished.

Notes
Turn   | Place    | Note
--------------------------------------------------------------
     0 | Abyss:1  | glosham the Troll Abyssal Knight began the quest for the Orb.
     0 | Abyss:1  | Reached XP level 1. HP: 22/22 MP: 1/1
    28 | Abyss:1  | Noticed a small abomination
    45 | Abyss:1  | Noticed a large abomination
    86 | Abyss:4  | Noticed a starcursed mass
    90 | D:1      | Escaped the Abyss
   158 | D:1      | Reached XP level 2. HP: 29/29 MP: 2/2
   268 | D:1      | Reached skill level 3 in Unarmed Combat
   281 | D:1      | Reached * piety under Lugonu
   482 | D:3      | Reached skill level 4 in Unarmed Combat
   482 | D:3      | Reached XP level 3. HP: 33/36 MP: 3/3
   562 | D:2      | Reached XP level 4. HP: 43/44 MP: 4/4
   589 | D:4      | You fall through a shaft!
   589 | D:5      | Entered Level 5 of the Dungeon
   656 | D:5      | HP: 4/44 [scorpion (5)]
   660 | D:5      | Reached skill level 5 in Unarmed Combat
   660 | D:5      | Reached XP level 5. HP: 23/50 MP: 5/5
   761 | D:5      | Noticed a centaur
   762 | D:5      | Found a blossoming altar of Fedhas.
   771 | D:5      | Killed a centaur
   771 | D:5      | Reached skill level 6 in Unarmed Combat
   837 | D:5      | Found an opulent altar of Gozag.
   939 | D:5      | Learned a level 2 spell: Passwall
   942 | D:5      | Learned a level 2 spell: Swiftness
   955 | D:6      | Reached XP level 6. HP: 44/59 MP: 6/6
  1029 | D:6      | Reached ** piety under Lugonu
  1064 | D:6      | Reached skill level 7 in Unarmed Combat
  1092 | D:7      | Found an iron altar of Okawaru.
  1106 | D:7      | Reached XP level 7. HP: 64/66 MP: 7/7
  1156 | D:7      | Reached skill level 8 in Unarmed Combat
  1182 | D:7      | Noticed Pikel
  1213 | D:7      | Splashed by Pikel's acid

Skill      XL: |  1  2  3  4  5  6  7 |
---------------+----------------------+-----
Unarmed Combat | 4 5 6 7 8 |  8.9
Fighting       | |  2.4
Dodging        | |  1.9
Invocations    | |  1.5

Action                   |  1- 3 |  4- 6 |  7- 9 || total
-------------------------+-------+-------+-------++-------
Melee: Unarmed           |    76 |    83 |    26 ||   185
       Punch             |       |     3 |       ||     3
Invok: Depart the Abyss  |     1 |       |       ||     1
  Use: Scroll            |     5 |     4 |     1 ||    10
       Potion            |       |     1 |     2 ||     3
 Stab: Sleeping          |     1 |     1 |       ||     2
       Distracted        |       |     1 |       ||     1
       Invisible         |       |       |     1 ||     1
  Eat: Chunk             |    11 |     4 |     1 ||    16
Armor: Robe              |    13 |    11 |     7 ||    31
Dodge: Dodged            |    40 |    32 |    13 ||    85

Table legend:
 A = Turns spent in this place as a percentage of turns spent in the entire game.
 B = Non-inter-level travel turns spent in this place as a percentage of non-inter-level travel turns spent in the entire game.
 C = Inter-level travel turns spent in this place as a percentage of turns spent in this place.
 D = Turns resting spent in this place as a percentage of non-inter-level travel turns spent in this place.
 E = Turns spent auto-exploring this place as a percentage of non-inter-level travel turns spent in this place.
 F = Non-inter-level travel turns spent in this place divided by the number of levels of this place that you've seen.
                   A       B       C       D       E      F
               +-------+-------+-------+-------+-------+----------------------
         Total | 100.0 | 100.0 |   0.1 |   0.0 |   0.0 |  85.3
       Dungeon |  91.1 |  91.1 |   0.1 |   0.0 |   0.0 | 116.6
         Abyss |   8.9 |   8.9 |   0.0 |   0.0 |   0.0 |  22.8
               +-------+-------+-------+-------+-------+----------------------

Table legend:
 A = Kills in this place as a percentage of kills in entire the game.
 B = Kills by you in this place as a percentage of kills by you in the entire game.
 C = Kills by friends in this place as a percentage of kills by friends in the entire game.
 D = Other kills in this place as a percentage of other kills in the entire game.
 E = Experience gained in this place as a percentage of experience gained in the entire game.
 F = Experience gained in this place divided by the number of levels of this place that you have seen.
                   A       B       C       D       E      F
               +-------+-------+-------+-------+-------+----------------------
         Total | 100.0 | 100.0 |  -nan |  -nan | 100.0 |  96.9
       Dungeon | 100.0 | 100.0 |  -nan |  -nan | 100.0 | 145.4
               +-------+-------+-------+-------+-------+----------------------

Vault maps used:
D:1:      matt_arrival_grand_opening
D:2:      minmay_distorted
D:3:      kennysheep_vampire_church, first_bread, uniq_terence, uniq_sigmund
D:4:      lemuel_round_altar, bloody_trog, minmay_temple_entry_statues_fountains
D:5:      lemuel_crystal_altar, nicolae_ru_path_of_blood, basic_altar,
          serial_shops, kennysheep_little_box, fedhas_bush_and_centaur_altar,
          uniq_edmund, uniq_grinder
D:7:      okawaru_gym_becter, grunt_dithmenos_shadows, uniq_prince_ribbit1,
          uniq_pikel
D:8:      serial_shops, shop, uniq_grum, uniq_erica
Abyss:2:  evilmike_abyss_exit_4
Abyss:3:  evilmike_abyss_exit_vortex
Abyss:4:  evilmike_abyss_exit_6, hangedman_abyss_rune_macabre_mess
